 Dungeon Crawl Stone Soup version 0.23-a0-143-g1adec7b (webtiles) character file.

793 torrenera the Carver (level 7, 0/51 HPs)
             Began as a Barachi Skald on Sept 3, 2018.
             Slain by a gnoll sergeant
             ... wielding a +2 trident of protection
              (4 damage)
             ... on level 5 of the Dungeon.
             The game lasted 00:14:31 (6211 turns).

torrenera the Carver (Barachi Skald)                Turns: 6211, Time: 00:14:31

Health: 0/51       AC:  5    Str: 14    XL:     7   Next: 88%
Magic:  2/10       EV: 16    Int: 14    God:
Gold:   390        SH:  0    Dex: 11    Spells: 2/10 levels left

rFire    . . .     SeeInvis .   a - +0 falchion
rCold    . . .     Gourm    .   (no shield)
rNeg     . . .     Faith    .   k - +1 robe {Archmagi}
rPois    .         Spirit   .   u - +1 hat
rElec    .         Reflect  .   (no cloak)
rCorr    .         Harm     .   (no gloves)
MR       .....                  o - +0 pair of boots
Stlth    +.........             v - amulet of regeneration
HPRegen  0.57/turn              c - +4 ring of evasion
MPRegen  0.12/turn              (no ring)

@: infused, very slightly contaminated, slow
A: +LOS, swims, slowness 1, strong legs 1
a: Hop


You were on level 5 of the Dungeon.
You were not hungry.

You visited 1 branch of the dungeon, and saw 6 of its levels.

You collected 390 gold pieces.

Inventory:

Hand Weapons
 a - a +0 falchion (weapon)
 z - a +0 blowgun
Missiles
 g - 7 poisoned needles
 r - 4 javelins (quivered)
 w - 174 stones
 y - 3 curare-tipped needles
Armour
 k - a +1 robe of the Archmagi (worn)
 o - a +0 pair of boots (worn)
 u - a +1 hat (worn)
Jewellery
 c - a +4 ring of evasion (left hand)
 v - an amulet of regeneration (around neck)
Wands
 s - a wand of flame (27)
Scrolls
 e - 6 scrolls of identify {unknown}
 f - a scroll of noise {unknown}
 h - 2 scrolls of immolation {unknown}
 j - a scroll of magic mapping {unknown}
 l - 3 scrolls of teleportation {unknown}
 m - 4 scrolls of remove curse {unknown}
 q - 3 scrolls of fear {unknown}
 t - a scroll of enchant armour {unknown}
 x - 4 scrolls of blinking {unknown}
 A - 2 scrolls of amnesia {unknown}
 C - a scroll of random uselessness {unknown}
Potions
 b - a potion of degeneration
 i - a potion of resistance {unknown}
 n - a potion of haste {unknown}
 p - a potion of experience {unknown}
Comestibles
 d - 16 rations
 B - 3 chunks of flesh


   Skills:
 - Level 2.4 Fighting
 + Level 10.4 Long Blades
 - Level 1.2 Armour
 - Level 2.1 Dodging
 - Level 2.1 Spellcasting
 - Level 3.2 Charms


You had 2 spell levels left.
You knew the following spells:

 Your Spells              Type           Power        Failure   Level  Hunger
a - Infusion              Chrm           ###.         6%          1    #......
b - Song of Slaying       Chrm           ###.....     9%          2    ###....
c - Shroud of Golubria    Chrm/Tloc      #.........   19%         2    ###....
d - Regeneration          Chrm/Necr      #.........   34%         3    ###....

Your spell library contained the following spells:

 Spells                   Type           Power        Failure   Level  Hunger
 Spectral Weapon          Hex/Chrm       #.......     34%         3    ###....


Dungeon Overview and Level Annotations

Branches:
Dungeon (6/15)
 Temple: D:4-7

Altars:
Kikubaaqudgha
Nemelex Xobeh


Innate Abilities, Weirdness & Mutations

Shadows flee at your approach. (+LOS)
You can swim through water.
You cover ground slowly.
You can hop short distances.


Message History

The gnoll sergeant completely misses you.
You hit the gnoll sergeant.
The gnoll sergeant is lightly wounded.
The gnoll sergeant hits you with a trident of protection!
* * * LOW HITPOINT WARNING * * *
Your shroud falls apart!
You hit the gnoll sergeant.
The gnoll sergeant is lightly wounded.
You hit the gnoll sergeant.
The gnoll sergeant is moderately wounded.
The gnoll sergeant hits you with a trident of protection.
* * * LOW HITPOINT WARNING * * *
You hit the gnoll sergeant.
The gnoll sergeant is heavily wounded.
The gnoll sergeant hits you with a trident of protection!
* * * LOW HITPOINT WARNING * * *
You closely miss the gnoll sergeant.
The gnoll sergeant is heavily wounded.
The gnoll sergeant hits you with a trident of protection.
You die...

......#........#.#.......##......
......#..................##......
..##.....................##......
..##..#.....#............######..
..##..#.....#............# #..
..##..##....#....#.......# #..
####..##....#.#..#.......#######.
#..#######.#.g................
#..# #.##@................ #..#
#.################### #..#
#..............# #..#
##############.# #..# #.# #..#
#.# #..# #.# #..############ #.#
#.............# #.#


You could see a gnoll sergeant.

Vanquished Creatures
  Duvessa (D:4)
  A black bear (D:5)
  An ogre (D:5)
  Dowan (D:4)
  A scorpion (D:5)
  A crimson imp (D:6)
  An orc priest (D:3)
  A hound (D:5)
  2 centaur skeletons
  An orc wizard (D:3)
  3 worker ants (D:5)
  4 adders
  2 oozes
  2 worms
  5 leopard geckos
  12 orcs
  6 giant cockroaches
  10 goblins
  4 hobgoblins
  8 jackals
  2 ball pythons (D:4)
  4 bats
  7 frilled lizards
  11 kobolds
  A leopard gecko skeleton (D:4)
  6 rats
98 creatures vanquished.

Notes
Turn   | Place    | Note
-------+----------+-------------------------------------------
     0 | D:1      | torrenera the Barachi Skald began the quest for the Orb.
     0 | D:1      | Reached XP level 1. HP: 17/17 MP: 3/3
   232 | D:1      | Reached skill level 3 in Long Blades
   296 | D:1      | Reached XP level 2. HP: 14/23 MP: 5/5
   656 | D:1      | Reached skill level 4 in Long Blades
   931 | D:1      | Reached XP level 3. HP: 28/28 MP: 6/6
   941 | D:1      | Learned a level 2 spell: Song of Slaying
   944 | D:1      | Learned a level 2 spell: Shroud of Golubria
  1537 | D:2      | Found an ancient bone altar of Kikubaaqudgha.
  2085 | D:2      | Reached skill level 5 in Long Blades
  2228 | D:2      | Reached XP level 4. HP: 29/34 MP: 2/7
  2548 | D:3      | Reached skill level 6 in Long Blades
  2595 | D:3      | Found a sparkling altar of Nemelex Xobeh.
  3042 | D:3      | Reached XP level 5. HP: 37/39 MP: 8/8
  3615 | D:3      | Learned a level 3 spell: Regeneration
  4888 | D:4      | Noticed Duvessa
  4888 | D:4      | Noticed Dowan
  4924 | D:4      | Killed Duvessa
  4924 | D:4      | Reached skill level 7 in Long Blades
  4924 | D:4      | Reached XP level 6. HP: 8/46 MP: 0/9
  4927 | D:4      | Killed Dowan
  4927 | D:4      | Reached skill level 8 in Long Blades
  5173 | D:5      | Entered Level 5 of the Dungeon
  5331 | D:5      | Reached XP level 7. HP: 51/51 MP: 5/10
  5383 | D:5      | Reached skill level 9 in Long Blades
  5928 | D:5      | Reached skill level 10 in Long Blades
  6211 | D:5      | Slain by a gnoll sergeant

Vault maps used:
D:1:      giann_forest_graveyard, kennysheep_flooded_box
D:2:      kennysheep_the_goblin_king, lemuel_doored_altar
D:3:      first_ration, minmay_tree_intersection,
          nemelex_xobeh_ov_fountains_minmay
D:4:      uniq_duvessa
D:5:      black_bear_nest_1
D:6:      temple_pool_b, uniq_pikel, uniq_grinder

Skill      XL: |  1  2  3  4  5  6  7 |
---------------+----------------------+-----
Long Blades    | 3 4 5 6 7 8 10 | 10.4
Fighting       | |  2.4
Armour         | |  1.2
Dodging        | |  2.1
Spellcasting   | |  2.1
Charms         | |  3.2

Action                   |  1- 3 |  4- 6 |  7- 9 || total
-------------------------+-------+-------+-------++-------
Melee: Falchion          |   120 |   163 |   100 ||   383
Throw: Javelin           |     7 |    21 |    11 ||    39
       Stone             |       |    10 |       ||    10
 Cast: Infusion          |     3 |     6 |     4 ||    13
       Shroud of Golubri |     3 |     4 |     4 ||    11
       Song of Slaying   |     1 |       |       ||     1
       Regeneration      |       |       |     1 ||     1
 Abil: Hop               |       |     2 |       ||     2
  Use: Potion            |       |     6 |       ||     6
 Stab: Sleeping          |       |     2 |     1 ||     3
  Eat: Chunk             |     5 |    12 |     4 ||    21
Armor: Leather armour    |    26 |       |       ||    26
       Robe              |    16 |    34 |    15 ||    65
Dodge: Dodged            |   109 |   132 |    50 ||   291
       Rpst.: Falchion   |    34 |    40 |    20 ||    94

Table legend:
 A = Non-vault XP
 B = Vault XP
 C = Vault XP percentage of total XP
 D = Non-vault monster count
 E = Vault monster count
 F = Vault count percentage of total count
                 A         B        C        D         E       F
            +---------+---------+-------+---------+---------+-------
      Total |     764 |     370 |  32.6 |      88 |      10 |  10.2
            +---------+---------+-------+---------+---------+-------
        D:1 |      40 |       0 |   0.0 |      21 |       0 |   0.0
        D:2 |      54 |      14 |  20.6 |      11 |       7 |  38.9
        D:3 |     127 |       0 |   0.0 |      24 |       0 |   0.0
        D:4 |      46 |     220 |  82.7 |      13 |       2 |  13.3
        D:5 |     397 |     136 |  25.5 |      12 |       1 |   7.7
        D:6 |     100 |       0 |   0.0 |       7 |       0 |   0.0
            +---------+---------+-------+---------+---------+-------
